 Dungeon Crawl Stone Soup version 0.23.2-1-ga50397a (webtiles) character file.

Game seed: 5141772748053392813

97 IBeShadow the Insei (level 4, -1/40 HPs)
             Began as a Naga Transmuter on May 7, 2019.
             Slain by Natasha (6 damage)
             ... on level 2 of the Dungeon.
             The game lasted 00:03:57 (1600 turns).

IBeShadow the Insei (Naga Transmuter)               Turns: 1600, Time: 00:03:58

Health: -1/40      AC:  2    Str: 12    XL:     4   Next: 68%
Magic:  3/7        EV: 10    Int: 14    God:
Gold:   68         SH:  0    Dex: 12    Spells: 4/7 levels left

rFire    . . .     SeeInvis +     - Unarmed
rCold    . . .     Gourm    .   (no shield)
rNeg     . . .     Faith    .   b - +0 robe
rPois    +         Spirit   .   (no helmet)
rElec    .         Reflect  .   (no cloak)
rCorr    .         Harm     .   (no gloves)
MR       .....                  (no barding)
Stlth    +.........             (no amulet)
HPRegen  0.13/turn              (no ring)
MPRegen  0.10/turn              (no ring)

@: short of breath, very slow
A: large, see invisible, deformed body, poison resistance, slowness 2, slow
metabolism 1, spit poison 1, AC +1
a: Spit Poison


You were on level 2 of the Dungeon.
You were hungry.

You visited 1 branch of the dungeon, and saw 2 of its levels.

You collected 68 gold pieces.

Inventory:

Missiles
 a - 10 arrows
Armour
 b - a +0 robe (worn)
Scrolls
 e - a scroll of random uselessness {unknown}
 f - 2 scrolls of identify {unknown}
 h - a scroll of enchant armour {unknown}
Comestibles
 d - 5 rations
 g - 2 chunks of flesh


   Skills:
 + Level 2.6 Fighting
 - Level 1.5 Dodging
 + Level 3.8 Unarmed Combat
 - Level 2.0 Spellcasting
 + Level 3.1 Transmutations


You had 4 spell levels left.
You knew the following spells:

 Your Spells              Type           Power        Failure   Level  Hunger
a - Beastly Appendage     Tmut           ##....       6%          1    ##.....
b - Sticks to Snakes      Tmut           ##......     10%         2    ###....

Your spell library contained the following spells:

 Spells                   Type           Power        Failure   Level  Hunger
 Spider Form              Tmut/Pois      #.........   36%         3    ####...
 Ice Form                 Ice/Tmut       #.......     77%         4    #####..
 Blade Hands              Tmut           ##........   87%         5    ######.


Dungeon Overview and Level Annotations

Branches:
Dungeon (2/15)

Altars:
Makhleb

Annotations:
D:2 Natasha


Innate Abilities, Weirdness & Mutations

You cannot wear boots.
Your serpentine skin is tough. (AC +1)
You have supernaturally acute eyesight. (SInv)
Armour fits poorly on your strangely shaped body.
Your system is resistant to poisons. (rPois)
You cover ground very slowly.
You have a slow metabolism.
You can spit poison.


Message History

You create a snake!
You now have 11 arrows.
You are feeling hungry.
The ooze hits you.
* * * LOW HITPOINT WARNING * * *
The ooze hits you but does no damage.
You have got your breath back.
The ooze barely misses you. Natasha claws your ball python.
Your ball python dies!
Casting: Sticks to Snakes (safe; 10% risk of failure)
Confirm with . or Enter, or press ? or * to list all spells.
You create a snake!
You now have 10 arrows.
The ooze hits you.
* * * LOW HITPOINT WARNING * * *
Press: ? - help, Shift-Dir - straight line, f - ooze
Aim: an ooze The splash of poison hits the ooze.
The ooze is poisoned.
The ooze is moderately wounded.
You feel slightly more hungry. The ooze hits you.
* * * LOW HITPOINT WARNING * * *
Natasha claws you.
You die...

### .### #...#. #.. ..
... +...'. ##.##.#
###.###._.#. ##. ....
.......#'###
.....##.########.#....###
.....'%>..............'..
.....###.#######......###
##+ #J# ###..#'#.#
#@#####......#.#
#h...##.#..###.#
#S...##.#....#.#
.###....##......#.#
#........#####...#.#
##..#.........#..#.#
....#.#######.#..# ###.
#.# #...... # ..#
####.#+#


You could see Natasha, an ooze and a friendly ball python.

Vanquished Creatures
  A worker ant (D:2)
  Natasha (D:2)
  An adder (D:2)
  A dart slug (D:2)
  A leopard gecko (D:1)
  A ball python (D:1)
  2 giant cockroaches (D:1)
  6 goblins
  2 hobgoblins (D:1)
  2 jackals (D:1)
  8 bats
  A frilled lizard (D:1)
  6 kobolds
  2 rats (D:1)
35 creatures vanquished.

Notes
Turn   | Place    | Note
-------+----------+-------------------------------------------
     0 | D:1      | IBeShadow the Naga Transmuter began the quest for the Orb.
     0 | D:1      | Reached XP level 1. HP: 18/18 MP: 3/3
    45 | D:1      | Reached XP level 2. HP: 5/25 MP: 5/5
   740 | D:1      | Learned a level 2 spell: Sticks to Snakes
   795 | D:1      | Reached XP level 3. HP: 21/32 MP: 6/6
  1184 | D:2      | Reached XP level 4. HP: 11/39 MP: 7/7
  1462 | D:2      | Found a burning altar of Makhleb.
  1578 | D:2      | Noticed Natasha
  1587 | D:2      | Killed Natasha
  1593 | D:2      | Noticed Natasha
  1600 | D:2      | Slain by Natasha

Skill      XL: |  1  2  3  4 |
---------------+-------------+-----
Fighting       | 2 |  2.6
Transmutations | 3 |  3.1
Dodging        | |  1.5
Unarmed Combat | |  3.8
Spellcasting   | |  2.0

Action                   |  1- 3 |  4- 6 || total
-------------------------+-------+-------++-------
Melee: Unarmed           |    98 |    21 ||   119
       Punch             |     2 |     1 ||     3
 Cast: Sticks to Snakes  |       |     2 ||     2
 Abil: Spit Poison       |     5 |     3 ||     8
  Use: Potion            |     1 |     1 ||     2
  Eat: Chunk             |       |     1 ||     1
Armor: Robe              |    27 |     6 ||    33
Dodge: Dodged            |    65 |    10 ||    75
